 Dungeon Crawl Stone Soup version 0.28.0-53-g5a82cb258f (console) character file.

Game seed: 6528687813351310494

10742 erker the Transmogrifier (level 11, -2/61 HPs)
             Began as an Octopode Earth Elementalist on June 4, 2022.
             Was a Follower of Cheibriados.
             Killed from afar by an acid dragon (31 damage)
             ... with a splash of acid
             ... on level 11 of the Dungeon.
             The game lasted 01:29:45 (16456 turns).

erker the Transmogrifier (OpEE)                    Turns: 16456, Time: 01:29:46

Health: -2/61      AC:  1    Str: 10    XL:     11   Next: 66%
Magic:  21/28      EV: 13    Int: 25    God:    Cheibriados [*.....]
Gold:   781        SH:  5    Dex: 16    Spells: 7/21 levels left

rFire   . . .      SeeInvis .   a - +2 dagger (venom)
rCold   + . .      Faith    +   x - +0 buckler
rNeg    . . .      Spirit   .   (helmet restricted)
rPois   .          Reflect  .   F - amulet of faith
rElec   .          Harm     .   k - ring of protection from cold
rCorr   .          Rampage  .   q - ring of magical power
Will    .....                   (no ring)
Stlth   +++++.....              (no ring)
HPRegen 0.20/turn               (no ring)
MPRegen 0.21/turn               (no ring)
                                (no ring)
                                (no ring)

@: very slow
A: almost no armour, amphibious, 8 rings, camouflage 1, gelatinous body 1,
(nimble swimmer 1), tentacles
a: Renounce Religion, Bend Time


You were on level 11 of the Dungeon.
You worshipped Cheibriados.
Cheibriados was aware of your devotion.
You visited 2 branches of the dungeon, and saw 12 of its levels.
You also visited: Ossuary.

You collected 781 gold pieces.

Inventory:

Hand Weapons
 a - a +2 dagger of venom (weapon)
 h - a +0 hunting sling
 z - a +0 trident
 L - a +0 hand axe of flaming
 S - the +4 long sword "Mehuim" {protect, rF+ SInv}
   (You found it on level 10 of the Dungeon)

   It grants its wielder temporary protection when it strikes (+7 to AC).
   rF:        It protects you from fire.
   SInv:      It lets you see invisible.
Missiles
 e - 261 stones
 n - 21 poisoned darts (quivered)
 J - a throwing net
 M - a curare-tipped dart
 R - 25 sling bullets
Armour
 x - a +0 buckler (worn)
Magical Staves
 b - a staff of earth
 E - a staff of cold
Jewellery
 k - a ring of protection from cold (left tentacle)
 q - a ring of magical power (right tentacle)
 F - an amulet of faith (around mantle)
 K - a ring of protection from cold
 N - an amulet of guardian spirit
 Q - an amulet of magic regeneration
Wands
 t - a wand of paralysis (9)
 y - a wand of flame (5)
 U - a wand of iceblast (3)
Scrolls
 c - 7 scrolls of identify
 f - 5 scrolls of vulnerability {unknown}
 g - 2 scrolls of magic mapping {unknown}
 l - 7 scrolls of teleportation
 m - 4 scrolls of immolation {unknown}
 o - 3 scrolls of enchant weapon {unknown}
 s - 3 scrolls of holy word {unknown}
 w - 2 scrolls of amnesia
 D - 2 scrolls of fear {unknown}
 G - a scroll of silence {unknown}
 P - 2 scrolls of enchant armour {unknown}
 V - 2 scrolls of blinking
Potions
 d - 3 potions of flight {unknown}
 i - 2 potions of haste
 j - a potion of heal wounds
 p - 6 potions of curing
 r - 3 potions of magic {unknown}
 u - 2 potions of attraction {unknown}
 v - 3 potions of lignification
 A - a potion of berserk rage {unknown}
 B - 6 potions of mutation
 C - 2 potions of resistance {unknown}
 H - a potion of brilliance {unknown}
 I - a potion of degeneration {unknown}
 O - 2 potions of might {unknown}
 T - a potion of ambrosia {unknown}


   Skills:
 - Level 5.0 Short Blades
 - Level 2.0 Staves
 - Level 2.0 Dodging
 - Level 8.0 Stealth
 - Level 5.0 Shields
 + Level 5.9 Spellcasting
 - Level 2.0 Conjurations
 - Level 2.0 Translocations
 - Level 10.0 Transmutations
 - Level 2.0 Ice Magic
 * Level 0.6 Air Magic
 - Level 10.0 Earth Magic
 - Level 2.0 Evocations


You had 7 spell levels left.
You knew the following spells:

 Your Spells              Type           Power      Damage    Failure   Level
a - Sandblast             Erth           100%       2d20      1%          1
b - Blink                 Tloc           34%        N/A       6%          2
g - Stone Arrow           Conj/Erth      74%        3d11      2%          3
p - Petrify               Tmut/Erth      55%        N/A       1%          4
v - Poisonous Vapours     Pois/Air       18%        N/A       13%         2
w - Passwall              Tmut/Erth      45%        N/A       1%          2

Your spell library contained the following spells:

 Spells                   Type           Power      Damage    Failure   Level
 Corpse Rot               Necr/Air       18%        N/A       13%         2
 Manifold Assault         Tloc           17%        N/A       75%         5
 Storm Form               Tmut/Air       17%        N/A       100%        7


Dungeon Overview and Level Annotations

Branches:
Dungeon (11/15)            Temple (1/1) D:6            Lair (0/6) D:10
    Orc (0/2) D:11        Ossuary (visited)

Altars:
Ashenzari
Cheibriados
Dithmenos
Elyvilon
Fedhas
Gozag
Hepliaklqana
Kikubaaqudgha
Makhleb
Nemelex Xobeh
Okawaru
Qazlal
Ru
Sif Muna
Trog
Uskayaw
Vehumet
Wu Jian
Xom
Yredelemnul
Zin
The Shining One

Annotations:
D:6 1 exclusion
D:9 3 runed translucent doors, shugdite's ghost, novice MiFi


Innate Abilities, Weirdness & Mutations

You cannot wear most types of armour.
You are amphibious.
You can wear up to eight rings at the same time.
Your skin changes colour to match your surroundings (Stealth+).
Your rubbery body absorbs attacks. (AC +1, EV +1)
((You are camouflaged when in or above water. (Stealth+)))
You have tentacles for arms and can constrict up to eight enemies at once.


Message History

O - 2 fuming cyan potions (gained 1)
B - 6 potions of mutation (gained 1)
c - 7 scrolls of identify (gained 1)
You open the door.
There is an open door here.
You open the door.
An acid dragon and a vampire come into view. 4 yaks come into view.
Found a morningstar and a scroll of identify.
The acid dragon roars!
The yak bellows! x2
The vampire barely misses you. You block the vampire's attack.
The acid dragon spits acid at you. You block the splash of acid.
The vampire misses you. The vampire closely misses you.
The yak bellows!
There is an open door here.
Casting: Petrify (dangerous; 1% risk of failure)
Confirm with . or Enter, or press ? or * to list all spells.
Aiming: Petrify (dangerous; 1% risk of failure)
Press: ? - help, Shift-Dir - straight line, f - vampire
Aim: a vampire (chance to affect: 57%)
The vampire resists with significant effort.
You block the vampire's attack. The vampire completely misses you.
Casting: Petrify (dangerous; 1% risk of failure)
Confirm with . or Enter, or press ? or * to list all spells.
Aiming: Petrify (dangerous; 1% risk of failure)
Press: ? - help, Shift-Dir - straight line, f/p - vampire
Aim: a vampire (chance to affect: 57%)
The vampire is moving more slowly.
The vampire casts a spell.
The vampire flickers and vanishes!
Deactivating autopickup; reactivate with Ctrl-A.
You barely miss something. Something hits you. Something bites you!
Something draws strength from your injuries!
You hit something but do no damage. Something hits you! Something bites you!
Something draws strength from your injuries!
The acid dragon spits acid at you. The splash of acid hits you!!
Ouch! That really hurt!
You die...

#..........
#..........
#..........
#...?......
#...Y......
#.DYY...... #'## y.
#..## #. ##@.# #.
#####'###### #.
#..........# #.
#..........# #.
#..........#########.
#..........##......(.
#..........'..######.
#..........#### #.
####+####### #.


You could see a yak and an acid dragon (catching breath).

Vanquished Creatures
  2 two-headed ogres (D:9)
  Pikel (D:5)
  A cyclops (D:11)
  3 trolls
  4 water elementals (D:11)
  Eustachio (D:6)
  4 wyverns (D:10)
  A basilisk (D:10)
  5 yaks (D:10)
  3 vampire mosquitoes (D:10)
  2 wargs (D:11)
  An acid dragon (D:9)
  3 water moccasins
  5 sky beasts
  A necrophage (D:6)
  6 orc warriors
  An ice beast (D:6)
  3 black bears
  4 ogres
  A lemure (D:5)
  2 phantoms
  2 bullfrogs (D:8)
  A kobold brigand (D:9)
  A wyvern zombie (D:7)
  2 gnoll sergeants
  2 water moccasin zombies
  A wyvern skeleton (D:7)
  13 killer bees
  A water moccasin skeleton (D:7)
  5 howler monkeys
  2 centaur zombies
  A bullfrog zombie (D:7)
  2 hounds
  3 jellies
  6 orc priests
  3 bullfrog skeletons
  5 iguanas
  6 orc wizards
  2 scorpion zombies (D:5)
  2 killer bee zombies
  4 hound skeletons
  2 mummies (Ossuary)
  A howler monkey zombie (D:6)
  15 gnolls
  A howler monkey skeleton (D:7)
  6 adders
  A shadow imp (D:8)
  2 white imps
  5 adder zombies (Ossuary)
  3 worms
  A dart slug (D:1)
  28 orcs
  4 bats
  9 endoplasms
  2 giant cockroaches (D:1)
  5 gnoll zombies (Ossuary)
  7 goblins
  6 hobgoblins
  2 jackals (D:1)
  5 quokkas
  3 ball pythons
  3 frilled lizards
  3 hobgoblin zombies (Ossuary)
  17 kobolds
  4 kobold zombies (Ossuary)
  4 orc zombies (Ossuary)
  4 rats
261 creatures vanquished.

Vanquished Creatures (others)
  A wizard (D:7)
  2 bushes (D:10)
  5 fungi
  20 plants
28 creatures vanquished.

Grand Total: 289 creatures vanquished

Notes
Turn   | Place    | Note
-------+----------+-------------------------------------------
     0 | D:1      | erker the Octopode Earth Elementalist began the quest for
                  | the Orb.
     0 | D:1      | Reached XP level 1. HP: 11/11 MP: 3/3
   490 | D:1      | Reached skill level 1 in Short Blades
   514 | D:1      | Reached XP level 2. HP: 9/17 MP: 5/5
   999 | D:1      | Learned a level 2 spell: Passwall
  1538 | D:2      | Reached XP level 3. HP: 21/21 MP: 6/6
  1893 | D:2      | Found a faded altar of an unknown god.
  2194 | D:2      | Reached XP level 4. HP: 10/27 MP: 7/7
  2561 | D:3      | Found a blossoming altar of Fedhas.
  3954 | D:4      | Noticed a phantom
  3981 | D:4      | Reached XP level 5. HP: 28/31 MP: 8/8
  4311 | D:4      | Reached XP level 6. HP: 23/36 MP: 9/9
  4604 | D:4      | Found a broken altar of Ashenzari.
  4694 | D:4      | Reached skill level 5 in Earth Magic
  4780 | D:5      | Entered Level 5 of the Dungeon
  5020 | D:5      | Found an opulent altar of Gozag.
  5020 | D:5      | Noticed a water moccasin
  5105 | D:5      | Reached skill level 5 in Transmutations
  5105 | D:5      | Reached XP level 7. HP: 41/41 MP: 10/10
  5133 | D:5      | Reached skill level 5 in Stealth
  5142 | D:5      | Learned a level 4 spell: Petrify
  5268 | D:5      | Noticed Pikel
  5331 | D:5      | Killed Pikel
  5332 | D:5      | Reached XP level 8. HP: 44/46 MP: 11/11
  5396 | D:5      | Learned a level 3 spell: Stone Arrow
  6008 | D:6      | Reached skill level 1 in Conjurations
  6092 | D:6      | Reached skill level 5 in Short Blades
  6236 | D:6      | Reached XP level 9. HP: 11/51 MP: 13/13
  6270 | D:6      | Found a sand-covered staircase.
  6300 | Ossuary  | Entered an ossuary
  6737 | Ossuary  | Learned a level 2 spell: Blink
  6959 | D:6      | Found a staircase to the Ecumenical Temple.
  6978 | Temple   | Entered the Ecumenical Temple
  7341 | D:6      | Noticed Eustachio
  7351 | D:6      | Killed Eustachio
  7366 | D:6      | Found a hazy altar of Hepliaklqana.
  7423 | D:6      | Reached skill level 1 in Translocations
  7997 | D:7      | Found a burning altar of Makhleb.
  8305 | D:7      | Reached skill level 1 in Ice Magic
  8361 | D:7      | Reached skill level 1 in Staves
  8622 | D:7      | Reached skill level 1 in Shields
  9123 | D:7      | Reached XP level 10. HP: 56/56 MP: 14/14
  9469 | D:7      | Found a bloodstained altar of Trog.
  9482 | D:7      | Noticed a wizard
  9484 | D:7      | Killed a wizard
  9988 | D:8      | Reached skill level 5 in Shields
 10276 | D:8      | Found a hide-covered altar of Uskayaw.
 10968 | D:9      | Noticed a two-headed ogre
 11132 | D:9      | Noticed a two-headed ogre
 11147 | D:9      | Killed a two-headed ogre
 11248 | D:9      | Found a large runed translucent door.
 11249 | D:9      | Found a large runed translucent door.
 11384 | D:9      | HP: 2/56 [something (13)]
 11400 | D:9      | Found a runed translucent door.
 11854 | D:9      | Noticed shugdite's ghost (novice MiFi)
 12049 | D:9      | Killed a two-headed ogre
 12864 | D:10     | Entered Level 10 of the Dungeon
 12865 | D:10     | Found a snail-covered altar of Cheibriados.
 12888 | D:10     | Became a worshipper of Cheibriados the Contemplative
 12932 | D:10     | Found a radiant altar of Vehumet.
 12941 | D:10     | Reached skill level 5 in Spellcasting
 13119 | D:10     | Found an iron altar of Okawaru.
 13427 | D:10     | Reached XP level 11. HP: 12/61 MP: 12/18
 13951 | D:10     | Identified the +4 long sword "Mehuim" {protect, rF+ SInv}
 13954 | D:10     | Found a staircase to the Lair.
 14301 | D:10     | Reached skill level 10 in Transmutations
 15161 | D:11     | Reached * piety under Cheibriados
 15442 | D:11     | Noticed a cyclops
 15448 | D:11     | HP: 3/61 [centaur warrior zombie (2)]
 15470 | D:11     | Killed a cyclops
 15471 | D:11     | Reached skill level 10 in Earth Magic
 16040 | D:11     | Found a staircase to the Orcish Mines.
 16124 | D:11     | Learned a level 2 spell: Poisonous Vapours
 16456 | D:11     | Killed from afar by an acid dragon

Illustrated notes

Levels and vault maps discovered:
D:1:      tarquinn_simple_flora_water_f, layout_basic,
          chequers_decorated_corner, hangedman_decor_slide_cut,
          due_unseen_surprise
D:2:      layout_loops_ring, shapermc_ecumenical_altar_acropolis
D:3:      minmay_evil_eye, layout_basic, fedhas_altar_2
D:4:      layout_cave_pools, marbit_many_paths, corexii_item_surrounded_by_moat,
          minmay_fountain_box
D:5:      layout_rooms, mainiacjoe_overflow_24_doors, uniq_pikel
D:6:      minmay_skewed_foursquare, layout_basic,
          nicolae_hepliaklqana_hippocampus, minmay_temple_entry_nine_rooms,
          chequers_ossuary_entry_cave, uniq_eustachio
D:7:      layout_loops_ring, amcnicky_altar_gilded, trog_wizard, grunt_ogre_cave
D:8:      layout_basic, eat_drink_and_be_merry_uskayaw
D:9:      layout_loops_corners, ebering_ghost_disaster_area, minmay_st_funbox,
          moated_statue
D:10:     layout_small_grid, mainiacjoe_overflow_catwalk,
          mainiacjoe_overflow_paths, okawaru_altar_gauntlet_db,
          minmay_lair_entry_grove
D:11:     layout_roguey, david_orc_1_choice, nicolae_underground_beach
Temple:   nicolae_temple_hex_pool

Skill      XL: |  1  2  3  4  5  6  7  8  9 10 11 |
---------------+----------------------------------+-----
Stealth        | 3 4 5 6 8 |  8.0
Short Blades   | 1 2 4 5 |  5.0
Transmutations | 2 3 5 6 8 9 10 | 10.0
Earth Magic    | 4 5 6 7 8 10 | 10.0
Evocations     | 2 |  2.0
Spellcasting   | 3 5 |  5.9
Conjurations   | 2 |  2.0
Translocations | 2 |  2.0
Ice Magic      | 2 |  2.0
Staves         | 2 |  2.0
Shields        | 3 5 |  5.0
Dodging        | |  2.0
Air Magic      | |  0.6

Action                   |  1- 3 |  4- 6 |  7- 9 | 10-12 || total
-------------------------+-------+-------+-------+-------++-------
Melee: Dagger            |    68 |    68 |   181 |   279 ||   596
       Tentacles         |    20 |    27 |    66 |    76 ||   189
       Constrict         |    20 |    20 |    38 |    50 ||   128
       Unarmed           |     2 |       |       |       ||     2
       Punch             |     1 |       |     2 |     7 ||    10
       Staff             |       |     6 |    29 |     4 ||    39
Throw: Dart              |       |     6 |       |    10 ||    16
       Stone             |       |     1 |       |       ||     1
 Cast: Sandblast         |     8 |    24 |    20 |     6 ||    58
       Passwall          |     5 |     6 |     9 |     8 ||    28
       Petrify           |       |       |    29 |    70 ||    99
       Blink             |       |       |     2 |       ||     2
       Stone Arrow       |       |       |       |    19 ||    19
       Poisonous Vapours |       |       |       |     1 ||     1
Evoke: Wand              |       |     2 |     1 |       ||     3
  Use: Scroll            |       |       |     7 |       ||     7
       Potion            |       |       |       |     6 ||     6
 Stab: Sleeping          |     9 |     9 |    22 |     7 ||    47
       Paralysed         |       |     1 |     2 |       ||     3
       Distracted        |       |       |     1 |       ||     1
       Petrified         |       |       |    33 |    66 ||    99
       Petrifying        |       |       |       |    15 ||    15
Armor: Skin              |     7 |     6 |    10 |    46 ||    69
Dodge: Dodged            |    38 |    47 |    75 |   119 ||   279
Block: Buckler           |       |       |       |    52 ||    52
